 Dungeon Sprint DCSS version 0.29.1-15-g9cfb28693d (webtiles) character file.

Game seed: 11469727314639193358

1500000 sircluck the Conqueror (level 16, -17/167 HPs)
             Began as a Formicid Abyssal Knight on Apr 18, 2023.
             Was a High Priest of Lugonu.
             Demolished by a meat berserker
             ... wielding a +9 battleaxe
              (64 damage)
             ... in the Dungeon (Sprint VIII: "Arena of Blood").
             The game lasted 00:00:44 (15 turns).

sircluck the Conqueror (Formicid Abyssal Knight)      Turns: 15, Time: 00:00:45

Health: -17/167    AC:  6    Str: 23    XL:     16   Next: 41%
Magic:  3/31       EV: 14    Int: 13    God:    Lugonu [*****.]
Gold:   0          SH:  0    Dex: 14    Spells: 15/15 levels left

rFire   . . .      SeeInvis +   f - +∞ Axe of Woe
rCold   . . .      Faith    .   (no shield)
rNeg    . . .      Spirit   .   b - +0 leather armour
rPois   .          Reflect  .   (helmet unavailable)
rElec   .          Harm     .   (no cloak)
rCorr   .          Rampage  .   (no gloves)
Will    +....                   (no boots)
Stlth   +.........              (no amulet)
HPRegen 0.37/turn               (no ring)
MPRegen 0.22/turn               (no ring)

@: no status effects
A: permanent stasis, dig shafts and tunnels, antennae 3, four strong arms
a: Dig, Renounce Religion, Bend Space, Banish, Corrupt


You were in the Dungeon.
You worshipped Lugonu.
Lugonu was extremely pleased with you.
You visited 1 branch

Inventory:

Hand Weapons
 a - a +1 mace
 f - the +∞ Axe of Woe (weapon)
   (You found it in the Dungeon)
Armour
 b - a +0 leather armour (worn)
Potions
 c - a potion of curing
 d - a potion of heal wounds
 e - 2 potions of magic


   Skills:
 O Level 27 Fighting
 + Level 16.7(21.1) Axes
 + Level 21.1(23.2) Maces & Flails
 + Level 22.7 Armour
 + Level 6.7 Dodging
 + Level 22.6 Invocations


You had 15 spell levels left.
You didn't know any spells.
Your spell library was empty.

Dungeon Overview and Level Annotations

Branches:
Dungeon (1/1)

Altars:
Makhleb


Innate Abilities, Weirdness & Mutations

You cannot be hasted, slowed, berserked, paralysed or teleported.
You can dig through walls and to a lower floor.
You have a pair of large antennae on your head. (SInv)
Your four strong arms can wield two-handed weapons with a shield.


Message History

Lugonu accepts your kill.
You slash the meat berserker!
You butcher the meat berserker messily.
You kill the meat berserker!
Lugonu accepts your kill.
You hear a shout! x2
The meat berserker rages.
You hear a shout! x3
Your base Axes skill gained 2 levels and is now at level 16!
Your base Maces & Flails skill gained 2 levels and is now at level 21!
Your Armour skill gained 2 levels and is now at level 22!
Your Invocations skill gained 2 levels and is now at level 22!
You have reached level 16!
You feel clever.
A meat berserker comes into view.
It is wielding a +9 battleaxe. 2 bags of meat come into view.
The bag of meat shouts!
You hear a shout! x6
The bag of meat hits you with a +9 war axe!!!
* * * LOW HITPOINT WARNING * * *
The meat berserker closely misses you.
The bag of meat moves out of view.
Items here: )) == ††.
You slice the bag of meat!!
You fatally mangle the bag of meat.
You kill the bag of meat!
Lugonu accepts your kill.
You hit the bag of meat.
You butcher the bag of meat messily.
You kill the bag of meat!
Lugonu accepts your kill.
You hit the bag of meat.
You butcher the bag of meat messily.
You kill the bag of meat!
Lugonu accepts your kill.
You slice the meat berserker!!
You pulverise the meat berserker into a thin bloody mist.
You kill the meat berserker!
Lugonu accepts your kill.
The meat berserker appears out of thin air!
A meat berserker comes into view. It is wielding a +9 battleaxe.
You hear a shout! x3
The meat berserker rages.
You hear a shout! x2
The meat berserker hits you with a +9 battleaxe!!!
You die...

.. { .......... .....
.............#. #.....
.#...........O
#.......#...........##
##.......###..........{
....###.........{...# .
....._............oo
O..
#.....#....)))#)#.....
#_.§._#.....).@)o.o...
#.....#....).#O#o#o.o.
....._............{..{
.
....###.........#.#.#..
##..
....###.......O..#.
{#.. ....# ............
#. ....#...........{#
.. ..............


You could see 3 meat berserkers and 7 bags of meat.

Vanquished Creatures
  6 ogres (D)
  6 orcs (D)
12 creatures vanquished.

Notes
Turn   | Place    | Note
-------+----------+-------------------------------------------
     0 | D        | Found the +∞ Axe of Woe
     0 | D        | sircluck the Formicid Abyssal Knight began the quest for
                  | the Orb.
     0 | D        | Reached XP level 1. HP: 18/18 MP: 2/2
     2 | D        | Noticed a bag of meat
     3 | D        | Noticed a meat berserker
     5 | D        | Noticed a meat berserker
     6 | D        | Noticed a meat berserker
     6 | D        | Noticed a meat berserker
     7 | D        | Noticed a bag of meat
     7 | D        | Killed a meat berserker
     7 | D        | Noticed a bag of meat
     8 | D        | Reached skill level 23 in Fighting
     8 | D        | Reached skill level 5 in Axes
     8 | D        | Reached XP level 2. HP: 52/58 MP: 1/9
     8 | D        | Reached XP level 3. HP: 59/65 MP: 1/10
     8 | D        | Reached XP level 4. HP: 65/72 MP: 1/12
     8 | D        | Reached XP level 5. HP: 72/79 MP: 1/13
     8 | D        | Reached XP level 6. HP: 79/87 MP: 1/15
     8 | D        | Reached XP level 7. HP: 84/93 MP: 1/16
     8 | D        | Reached XP level 8. HP: 92/101 MP: 1/17
     8 | D        | Reached XP level 9. HP: 98/108 MP: 1/18
     8 | D        | Reached XP level 10. HP: 104/115 MP: 1/19
     8 | D        | Reached XP level 11. HP: 111/122 MP: 1/20
     8 | D        | Reached XP level 12. HP: 118/130 MP: 1/21
     8 | D        | Killed a meat berserker
     8 | D        | Reached *** piety under Lugonu
     9 | D        | Reached skill level 27 in Fighting
     9 | D        | Reached XP level 13. HP: 132/145 MP: 1/24
     9 | D        | Killed a meat berserker
     9 | D        | Killed a meat berserker
     9 | D        | Noticed a meat berserker
     9 | D        | Noticed a bag of meat
    10 | D        | Reached skill level 5 in Dodging
    10 | D        | Reached XP level 14. HP: 140/153 MP: 1/27
    10 | D        | Reached XP level 15. HP: 145/159 MP: 1/28
    10 | D        | Noticed a meat berserker
    11 | D        | Noticed a meat berserker
    12 | D        | Reached **** piety under Lugonu
    12 | D        | Noticed a destroyer
    13 | D        | Killed a meat berserker
    14 | D        | Reached XP level 16. HP: 82/167 MP: 2/31
    14 | D        | Noticed a meat berserker
    15 | D        | Reached ***** piety under Lugonu
    15 | D        | Killed a meat berserker
    15 | D        | Demolished by a meat berserker

Illustrated notes

Levels and vault maps discovered:
D:        meatsprint

Skill      XL: |  1  2  3  4  5  6  7  8  9 10 11 12 13 14 15 |
---------------+----------------------------------------------+-----
Fighting       | 23 27 | 27.0
Axes           | 5 6 12 16 | 16.7
Maces & Flails | 11 13 18 21 | 21.1
Armour         | 12 14 19 22 | 22.7
Dodging        | 2 3 5 6 |  6.7
Invocations    | 12 14 19 22 | 22.6

Action                   |  1- 3 |  4- 6 |  7- 9 | 10-12 | 13-15 | 16-18 || total
-------------------------+-------+-------+-------+-------+-------+-------++-------
Melee: Executioner's axe |     1 |       |       |     1 |     3 |     1 ||     6
Invok: Bend Space        |     1 |       |       |       |       |       ||     1
Dodge: Dodged            |       |       |       |       |       |     1 ||     1
